 Dungeon Crawl Stone Soup version 0.19-a0-1002-g674d22e (webtiles) character file.

128 Akett the Slasher (level 4, 0/36 HPs)
             Began as a Demigod Skald on July 18, 2016.
             Slain by ZappyNine's ghost (10 damage)
             ... on level 3 of the Dungeon.
             The game lasted 00:07:55 (2664 turns).

Akett the Slasher (Demigod Skald)                   Turns: 2664, Time: 00:07:55

Health: 0/36       AC:  6    Str: 20    XL:     4   Next: 58%
Magic:  7/9        EV: 12    Int: 14    God:
Gold:   108        SH:  0    Dex: 15    Spells: 1 memorised, 5 levels left

rFire  . . .     SeeInvis .     m - +0 whip (curse)
rCold  . . .     Gourm    .     b - +1 leather armour
rNeg   . . .     Faith    .     (no shield)
rPois  .         Spirit   .     (no helmet)
rElec  .         Dismiss  .     (no cloak)
rCorr  .         Reflect  .     (no gloves)
SustAt +         Harm     .     k - +1 pair of boots
MR     .....                    (no amulet)
Stlth  +.........               (no ring)
                                j - -4 ring of intelligence (curse)

@: mighty, exhausted, infused (expiring), slowed, very slow, not resistant to
hostile enchantments, very unstealthy
A: high mp 1, sustain attributes
a: no special abilities


You were on level 3 of the Dungeon.
You were hungry.

You visited 1 branch of the dungeon, and saw 3 of its levels.

You collected 108 gold pieces.

Inventory:

Hand Weapons
 a - a +0 falchion
 h - a +2 short sword of protection
 m - a cursed +0 whip (weapon)
Armour
 b - a +1 leather armour (worn)
 k - a +1 pair of boots (worn)
Jewellery
 j - a cursed -4 ring of intelligence (left hand)
Potions
 s - a potion of lignification {unknown}
Books
 c - a book of Battle

   Spells                             Type                      Level
   a - Infusion                       Charms                       1
   b - Shroud of Golubria             Charms/Translocation         2
   c - Song of Slaying                Charms                       2
   d - Spectral Weapon                Hexes/Charms                 3
   e - Regeneration                   Charms/Necromancy            3
 g - an Akashic Record

   Spells                             Type                      Level
   a - Dispersal                      Translocation                6
   b - Malign Gateway                 Summoning/Translocation      7
   c - Disjunction                    Translocation                8
   d - Controlled Blink               Translocation                8
Comestibles
 d - 4 bread rations
 f - 2 meat rations
 l - 5 chunks of flesh
 n - a slice of pizza
 r - 3 fruits


   Skills:
 + Level 2.1 Fighting
 * Level 3.1 Long Blades
 + Level 2.2 Armour
 + Level 1.6 Dodging
 - Level 1.7 Spellcasting
 + Level 3.1 Charms


You had 5 spell levels left.
You knew the following spells:

 Your Spells              Type           Power        Failure   Level  Hunger
a - Infusion              Chrm           ##..         10%         1    ##.....


Dungeon Overview and Level Annotations

Branches:
Dungeon (3/15)

Annotations:
D:3 ZappyNine's ghost, amateur GrCK


Innate Abilities, Weirdness & Mutations

You have an increased reservoir of magic. (+10% MP)
Your attributes are resistant to harm.


Message History

* * * LOW HITPOINT WARNING * * *
You hit ZappyNine's ghost.
ZappyNine's ghost is severely damaged.
ZappyNine's ghost sneers, "Do you call that fighting?"
ZappyNine's ghost hits you.
* * * LOW HITPOINT WARNING * * *
ZappyNine's ghost burns you.
* * * LOW HITPOINT WARNING * * *
You whack ZappyNine's ghost!
ZappyNine's ghost is almost destroyed.
You are no longer berserk.
You are exhausted.
You feel as though you will be slow longer.
You are feeling hungry.
ZappyNine's ghost barely misses you.
ZappyNine's ghost completely misses you.
It was a potion of might.
You feel very mighty all of a sudden. ZappyNine's ghost hits you!
You die...

####..####g..#.#
#.####..## #####..
.....# #....
###..########.#..
#................
#.#####...#.#####
#.#####.#...#
#####.#.....#..####
#
#?.W@.#.##........#
# #.#####
#.######.. # #.# #
###.# #...# ##.###
#..# ##.## #####
##..# ##.>.##.


You could see ZappyNine's ghost.

Vanquished Creatures
  Terence (D:2)
  A gnoll (D:2)
  4 adders
  A worm (D:3)
  A giant gecko (D:2)
  4 orcs
  A giant cockroach (D:3)
  7 goblins
  5 hobgoblins
  7 jackals
  3 quokkas (D:2)
  8 bats
  5 kobolds (D:1)
48 creatures vanquished.

Notes
Turn   | Place    | Note
-------+----------+-------------------------------------------
     0 | D:1      | Akett the Demigod Skald began the quest for the Orb.
     0 | D:1      | Reached XP level 1. HP: 17/17 MP: 5/5
    16 | D:1      | Reached skill level 1 in Dodging
    97 | D:1      | Reached skill level 1 in Armour
   298 | D:1      | Reached XP level 2. HP: 18/24 MP: 7/7
   776 | D:2      | Reached XP level 3. HP: 28/29 MP: 8/8
   816 | D:2      | Found a hazy altar of Hepliaklqana.
   820 | D:2      | Found a basalt altar of Yredelemnul.
   820 | D:2      | Noticed Terence
   838 | D:2      | Killed Terence
  1534 | D:2      | Found a deep blue altar of Sif Muna.
  1663 | D:3      | Found a hide-covered altar of Uskayaw.
  1964 | D:3      | Reached XP level 4. HP: 19/36 MP: 9/9
  2645 | D:3      | Noticed ZappyNine's ghost (amateur GrCK)
  2664 | D:3      | Slain by ZappyNine's ghost

Vault maps used:
D:1:      minmay_arrival_solitary_statue
D:2:      led_sif_pool, grunt_temple_overflow_open, minivault_5, uniq_terence
D:3:      kennysheep_slug_shrine, eat_drink_and_be_merry_uskayaw,
          trog_eyes_of_draining, roderic_batcave

Skill      XL: |  1  2  3  4 |
---------------+-------------+-----
Dodging        | 1 |  1.6
Armour         | 1 2 |  2.2
Long Blades    | 2 3 |  3.1
Charms         | 3 |  3.1
Fighting       | 2 |  2.1
Spellcasting   | |  1.7

Action                   |  1- 3 |  4- 6 || total
-------------------------+-------+-------++-------
Melee: Falchion          |    69 |       ||    69
       Whip              |    86 |   108 ||   194
 Cast: Infusion          |     1 |     5 ||     6
  Use: Scroll            |     4 |     2 ||     6
       Potion            |     3 |     4 ||     7
  Eat: Chunk             |     4 |     3 ||     7
Armor: Leather armour    |    62 |    44 ||   106
Dodge: Dodged            |    94 |   107 ||   201
